Map: Berlingrad LE

Players

Jotak - Winner!

  • Race: Terran Terran
  • League: Diamond

pico

  • Race: Protoss Protoss
  • League: Master

VOD

Have the link to the VOD?

Description

Time

  • Played on: Nov. 21, 2021, 9:54 p.m.
  • Length: 11:28
Show
View Real Time Build Order
Export as new Build Order

Jotak Terran - Winner!

Build Orders:  

Get SALT Encoding   

  12  0:00  SCV  
  13  0:12  SCV  
  14  0:18  Supply Depot  
  14  0:25  SCV  
  15  0:40  SCV  
  15  0:42  Barracks  
  16  0:45  Refinery  
  16  0:52  SCV  
  17  1:03  Barracks  
  17  1:13  Barracks  
  17  1:19  Refinery  
  17  1:29  Reaper  
  18  1:43  Orbital Command  
  18  1:55  Reaper  
  19  2:01  Reaper  
  20  2:10  Reaper  
  22  2:21  Supply Depot  
  22  2:22  Engineering Bay  
  21  2:32  Reaper  
  21  2:33  SCV  
  23  2:42  Reaper x2  
  25  2:47  SCV, Supply Depot  
  26  2:59  SCV  
  26  3:01  Terran Infantry Weapons Level 1  
  26  3:04  Reaper  
  28  3:12  SCV  
  29  3:14  Reaper  
  30  3:24  SCV  
  31  3:33  Reaper  
  32  3:36  SCV  
  32  3:38  Reaper  
  34  3:46  Reaper, Supply Depot  
  34  3:47  Supply Depot  
  35  3:59  SCV  
  36  4:04  Command Center  
  36  4:05  Reaper  
  37  4:11  SCV, Reaper  
  39  4:18  Reaper  
  40  4:24  Barracks  
  40  4:38  Reaper  
  41  4:40  SCV  
  41  4:43  Reaper  
  43  4:51  Reaper  
  43  4:52  SCV  
  44  5:03  Barracks  
  44  5:04  SCV  
  45  5:10  Reaper  
  46  5:15  Reaper  
  46  5:16  SCV  
  48  5:22  Orbital Command  
  48  5:23  Reaper  
  49  5:28  SCV  
  49  5:40  SCV  
  49  5:42  Reaper  
  51  5:43  Supply Depot  
  51  5:47  Reaper  
  51  5:48  Barracks  
  52  5:52  SCV  
  52  5:55  Reaper  
  54  6:02  Reaper x2  
  55  6:04  SCV  
  53  6:20  Reaper x2  
  55  6:27  Reaper  
  55  6:34  Reaper  
  55  6:35  SCV  
  55  6:36  Reaper  
  55  6:38  Refinery  
  58  6:41  Barracks  
  58  6:42  Refinery, SCV, Barracks  
  58  6:43  Barracks  
  59  6:47  SCV  
  59  6:50  Missile Turret  
  59  6:52  Reaper  
  62  6:54  SCV  
  62  7:06  Factory  
  62  7:08  Reaper  
  63  7:09  SCV x2  
  65  7:21  SCV  
  66  7:28  Reaper x2  
  68  7:31  Reaper  
  68  7:34  SCV x2  
  71  7:43  Barracks  
  71  7:44  Barracks  
  71  7:45  Barracks  
  71  7:46  SCV x2  
  71  7:49  Reaper x2  
  75  7:58  SCV x2, Reaper, Command Center  
  77  8:01  Supply Depot  
  77  8:03  Supply Depot x2  
  78  8:17  Factory Tech Lab  
  78  8:19  Marine  
  79  8:20  Marine  
  79  8:21  Marine x5, Starport  
  79  8:25  SCV  
  86  8:27  Terran Infantry Armor Level 1  
  86  8:29  Marine  
  87  8:37  Marine  
  87  8:38  Marine  
  87  8:39  Marine x2  
  90  9:06  SCV x2  
  92  9:11  Marine x5, Starport  
  92  9:12  Barracks Tech Lab  
  94  9:18  Marine x2  
  94  9:19  Marine  
  94  9:20  Marine x3  
  94  9:21  SCV  
  101  9:29  Marine x3  
  104  9:33  Marine  
  104  9:34  Stimpack, Marine  
  104  9:37  Raven  
  108  9:39  SCV x2  
  108  9:40  Marine x6  
  99  10:04  Marine x4  
  99  10:05  Marine x5  
  106  10:13  SCV, Marine x3  
  109  10:15  Orbital Command  
  109  10:18  Medivac  
  109  10:20  Raven  
  113  10:22  SCV, Marine x5  
  113  10:23  Marine x3  
  113  10:25  SCV  
  119  10:40  Marine x6  
  125  11:01  Supply Depot  
  125  11:02  Supply Depot  
Show
View Real Time Build Order
Export as new Build Order

pico Protoss 

Build Orders:  

Get SALT Encoding   

  12  0:01  Probe  
  13  0:13  Probe  
  14  0:19  Pylon  
  14  0:25  Probe  
  15  0:38  Gateway  
  15  0:40  Probe (Chrono Boost)  
  17  0:50  Probe (Chrono Boost), Assimilator  
  17  0:55  Probe (Chrono Boost)  
  18  1:07  Probe  
  19  1:19  Probe  
  20  1:26  Cybernetics Core  
  20  1:42  Probe  
  21  1:48  Assimilator  
  21  1:49  Pylon  
  21  2:00  Adept (Chrono Boost)  
  21  2:01  Warp Gate (Chrono Boost)  
  23  2:11  Probe  
  24  2:17  Gateway  
  24  2:23  Pylon  
  24  2:24  Nexus  
  24  2:33  Stalker  
  26  2:40  Probe  
  27  2:50  Robotics Facility  
  27  2:55  Probe  
  28  3:02  Gateway  
  28  3:11  Stalker  
  30  3:16  Probe  
  31  3:33  Shield Battery  
  31  3:38  Stalker  
  33  3:47  Warp Prism  
  35  3:57  Probe  
  35  3:58  Stalker  
  38  4:03  Probe  
  39  4:10  Probe  
  39  4:13  Stalker  
  39  4:16  Probe  
  43  4:26  Probe  
  44  4:33  Probe  
  44  4:36  Stalker  
  44  4:37  Stalker  
  49  4:55  Probe x2  
  49  4:58  Pylon  
  45  5:22  Stalker x3  
  45  5:23  Probe  
  52  5:31  Twilight Council  
  52  5:33  Pylon  
  52  5:37  Probe  
  52  5:38  Probe  
  54  5:46  Nexus  
  55  5:50  Probe x2  
  55  5:53  Robotics Bay  
  56  5:59  Stalker x2  
  56  6:02  Probe x2  
  55  6:06  Stalker  
  55  6:14  Probe  
  51  6:24  Stalker x2  
  50  6:31  Probe  
  49  6:39  Probe  
  50  6:40  Assimilator  
  50  6:43  Assimilator  
  50  6:46  Probe  
  51  6:50  Colossus (Chrono Boost)  
  57  6:56  Nexus  
  57  7:08  Stalker  
  59  7:11  Shield Battery  
  59  7:12  Stalker  
  61  7:19  Pylon  
  61  7:35  Stalker x2  
  61  7:36  Stalker  
  67  7:44  Blink (Chrono Boost)  
  67  7:45  Nexus  
  67  7:47  Pylon  
  67  7:54  Probe (Chrono Boost)  
  67  7:57  Probe (Chrono Boost)  
  70  8:06  Probe (Chrono Boost)  
  70  8:08  Extended Thermal Lance (Chrono Boost)  
  70  8:11  Probe (Chrono Boost)  
  71  8:12  Probe (Chrono Boost)  
  71  8:19  Probe, Shield Battery  
  73  8:21  Probe  
  73  8:25  Forge  
  74  8:29  Gateway  
  74  8:31  Probe  
  74  8:33  Probe  
  76  8:37  Pylon  
  76  8:43  Probe  
  76  8:45  Probe  
  78  8:51  Colossus (Chrono Boost)  
  78  8:55  Probe  
  75  8:56  Protoss Ground Weapons Level 1  
  75  8:57  Probe  
  76  9:04  Shield Battery  
  76  9:07  Probe  
  76  9:09  Probe x2  
  79  9:19  Probe  
  79  9:21  Probe x2  
  72  9:34  Stalker x3  
  72  9:35  Stalker  
  76  9:41  Shield Battery  
  68  9:47  Colossus (Chrono Boost)  
  73  9:58  Stalker x4  
  47  10:23  Stalker x4  
  47  10:27  Probe  
  56  10:33  Colossus (Chrono Boost)  
  52  10:39  Probe  
  59  10:44  Pylon  
  59  10:51  Probe  
  60  10:57  Pylon  
  60  11:10  Stalker  
  62  11:13  Probe x3  
Tags
 
Add a new tag
Caveats
  • Supply blocks, unpowered buildings, or Contaminate may cause inaccurate times.
  • Supply counts are checked every 10 seconds.